 Dungeon Crawl Stone Soup version 0.18-a0-1577-gf591c28 (webtiles) character file.

1869 namelastname112 the Slasher (level 8, -4/69 HPs)
             Began as a Yellow Draconian Gladiator on Mar 19, 2016.
             Was an Initiate of Gozag.
             Killed from afar by a steam dragon (7 damage)
             ... with a ball of steam
             ... on level 6 of the Dungeon.
             The game lasted 00:07:45 (6120 turns).

namelastname112 the Slasher (DrGl)                  Turns: 6120, Time: 00:07:46

Health: -4/69      AC:  9    Str: 18 (19) XL:     8   Next: 90%
Magic:  8/8        EV: 14    Int:  7 (8)  God:    Gozag
Gold:   213        SH:  4    Dex: 11 (13) Spells: 0 memorised, 7 levels left

rFire  . . .     SeeInvis .     a - +0 long sword
rCold  . . .     Gourm    .     (armour unavailable)
rNeg   . . .     Faith    .     k - +0 buckler
rPois  .         Spirit   .     b - +0 hat
rElec  .         Dismiss  .     I - +1 cloak
rCorr  +         Reflect  .     (no gloves)
SustAt .         Harm     .     F - +0 pair of boots
MR     .....                    (no amulet)
Stlth  +.........               (no ring)
                                (no ring)

@: not resistant to hostile enchantments, very unstealthy
A: spit acid, acid resistance, unfitting armour, cold-blooded, AC +6
a: Spit Acid, Potion Petition, Call Merchant, Bribe Branch, Renounce Religion


You were on level 6 of the Dungeon.
You worshipped Gozag.
Gozag was noncommittal.
You were not hungry.

You visited 2 branches of the dungeon, and saw 7 of its levels.
You also visited: Ossuary.

You collected 302 gold pieces.
You paid 89 gold pieces to Gozag.

Inventory:

Hand Weapons
 a - a +0 long sword (weapon)
Missiles
 c - 3 throwing nets (quivered)
Armour
 b - a +0 hat (worn)
 k - a +0 buckler (worn)
 F - a +0 pair of boots (worn)
 I - a +1 cloak (worn)
Jewellery
 m - an uncursed ring of fire
Wands
 z - a wand of acid (3/15)
 D - a wand of polymorph (10/24)
Scrolls
 e - a scroll of enchant armour {unknown}
 f - a scroll of fear {unknown}
 g - 5 scrolls of remove curse {unknown}
 h - 4 scrolls of fog {unknown}
 i - 2 scrolls of random uselessness {unknown}
 l - a scroll of amnesia {unknown}
 p - 6 scrolls of blinking {unknown}
 q - a scroll of noise {unknown}
 r - 6 scrolls of identify {unknown}
 u - 2 scrolls of enchant weapon {unknown}
 v - a scroll of recharging {unknown}
 x - a scroll of magic mapping {unknown}
 G - a scroll of teleportation {unknown}
Potions
 j - 3 potions of degeneration
 o - a potion of haste {unknown}
 s - 2 potions of mutation {unknown}
 t - 2 potions of flight {unknown}
 w - a potion of heal wounds {unknown}
 B - 2 potions of ambrosia {unknown}
 E - a potion of resistance {unknown}
Books
 y - a book of Minor Magic

   Spells                             Type                      Level
   a - Magic Dart                     Conjuration                  1
   b - Blink                          Translocation                2
   c - Call Imp                       Summoning                    2
   d - Repel Missiles                 Charms/Air                   2
   e - Slow                           Hexes                        2
   f - Conjure Flame                  Conjuration/Fire             3
   g - Mephitic Cloud                 Conjuration/Poison/Air       3
 C - a Fen Folio

   Spells                             Type                      Level
   a - Corpse Rot                     Necromancy                   2
   b - Stone Arrow                    Conjuration/Earth            3
   c - Leda's Liquefaction            Hexes/Earth                  4
   d - Summon Forest                  Summoning/Translocation      5
   e - Hydra Form                     Transmutation                6
   f - Summon Hydra                   Summoning                    7
Comestibles
 d - 5 bread rations
 n - 4 meat rations
 A - a beef jerky
 H - a slice of pizza


   Skills:
 + Level 5.5 Fighting
 * Level 7.3 Long Blades
 + Level 4.6 Throwing
 + Level 5.1 Dodging
 + Level 4.2 Shields


You had 7 spell levels left.
You didn't know any spells.

Dungeon Overview and Level Annotations

Branches:
Dungeon (6/15)             Temple (1/1) D:6

Altars:
Ashenzari
Dithmenos
Elyvilon
Fedhas
Gozag
Kikubaaqudgha
Makhleb
Nemelex Xobeh
Okawaru
Pakellas
Ru
Sif Muna
Trog
Vehumet
Xom
Yredelemnul
Zin
The Shining One

Shops:
D:5 [


Innate Abilities, Weirdness & Mutations

You can spit globs of acid.
You are resistant to acid.
Your golden yellow scales are hard (AC +6).
Your body does not fit into most forms of armour.
You are cold-blooded and may be slowed by cold attacks.


Message History

Throwing (i - inventory):
c - 4 throwing nets (quivered)
Press: ? - help, Shift-Dir - straight line, f/p - steam dragon
Aim: a steam dragon (heavily wounded)
You throw a throwing net. The throwing net hits the steam dragon.
The steam dragon is caught in the net!
The steam dragon is heavily wounded.
The steam dragon struggles against the net.
You hit the steam dragon but do no damage.
The steam dragon is heavily wounded.
The steam dragon struggles against the net.
The helpless steam dragon fails to defend itself.
You hit the steam dragon.
The steam dragon is severely wounded.
The steam dragon struggles against the net.
You hit the steam dragon.
The steam dragon is severely wounded.
The steam dragon breathes steam at you. The ball of steam hits you!
You die...
Your body crumbles into a pile of gold.

#.#######.#.# # #.#
#.#.# # #.# #.#.# #.#
###.#.# #.# #...#.# ###
#.# #.###.#######_###
#.#####.##........#'#.#
#.....D.....#######.#.#
########.@....## #....
..............# ####.
########.....## #.
###...## #.
#..รท.##############.
#.#### #........>##.
#.# #.#######.##. #.#
#.# #.##. #.######.#
#(###


You could see a steam dragon (caught).

Vanquished Creatures
  Sigmund (D:5)
  Eustachio (D:5)
  Edmund (D:6)
  3 centaurs
  2 ogres
  2 giant frogs (D:6)
  A scorpion (D:4)
  A howler monkey (D:6)
  4 crimson imps
  A hound (D:3)
  2 jellies
  An orc priest (D:5)
  Crazy Yiuf (D:6)
  2 iguanas
  Natasha (D:2)
  2 worker ants
  6 big kobold zombies (Ossuary)
  2 hound zombies (D:6)
  The ghost of Amnesiac the Magician, a weakling DEWz (D:3)
  A hound skeleton (D:5)
  2 worker ant zombies (D:5)
  A howler monkey zombie (D:6)
  A mummy (Ossuary)
  10 adders
  2 shadow imps
  3 adder skeletons (D:4)
  A worm (D:3)
  A giant gecko (D:3)
  10 orcs
  5 spectral bats (Ossuary)
  2 ball pythons
  6 bats
  3 bat simulacra (Ossuary)
  4 giant cockroaches
  4 hobgoblins
  7 jackals
  8 kobolds
  4 quokkas
  4 giant newts
  6 gnoll zombies (Ossuary)
  6 goblins
  5 goblin zombies (Ossuary)
  6 hobgoblin zombies (Ossuary)
  A jackal skeleton (D:4)
  3 kobold simulacra (Ossuary)
  3 kobold zombies (Ossuary)
  4 orc zombies (Ossuary)
  16 rats
  A rat simulacrum (Ossuary)
  7 spectral goblins (Ossuary)
  2 spectral kobolds (Ossuary)
  A spectral rat (Ossuary)
175 creatures vanquished.

Notes
Turn   | Place    | Note
--------------------------------------------------------------
     0 | D:1      | namelastname112 the Draconian Gladiator began the quest for the Orb.
     0 | D:1      | Reached XP level 1. HP: 17/17 MP: 1/1
   287 | D:1      | Reached XP level 2. HP: 18/25 MP: 2/2
  1204 | D:2      | Reached XP level 3. HP: 26/30 MP: 3/3
  1223 | D:2      | Found an oddly glowing altar of Pakellas.
  1544 | D:2      | Found a shadowy altar of Dithmenos.
  1547 | D:2      | Reached XP level 4. HP: 34/37 MP: 4/4
  1580 | D:2      | Noticed Natasha
  1585 | D:2      | Killed Natasha
  1719 | D:2      | Reached skill level 4 in Long Blades
  1871 | D:3      | Reached skill level 1 in Shields
  1871 | D:3      | Reached XP level 5. HP: 43/45 MP: 5/5
  2393 | D:3      | Found a burning altar of Makhleb.
  2406 | D:3      | Found a radiant altar of Vehumet.
  2505 | D:3      | Noticed Amnesiac's ghost (weakling DEWz)
  2518 | D:3      | Killed Amnesiac's ghost
  2623 | D:4      | Noticed an ogre
  2630 | D:4      | Killed an ogre
  2630 | D:4      | Reached XP level 6. HP: 51/51 MP: 6/6
  2674 | D:4      | Found a basalt altar of Yredelemnul.
  2674 | D:4      | Found a shimmering altar of Xom.
  2675 | D:4      | Found a blossoming altar of Fedhas.
  2703 | D:4      | Found a glowing silver altar of Zin.
  2824 | D:4      | Found a sand-covered staircase.
  2858 | Ossuary  | Entered an ossuary
  2960 | Ossuary  | Reached skill level 5 in Long Blades
  3377 | Ossuary  | Your scales start taking on a golden yellow colour.
  3377 | Ossuary  | Reached XP level 7. HP: 50/58 MP: 7/7
  3941 | D:5      | Entered Level 5 of the Dungeon
  3941 | D:5      | Noticed Sigmund
  4396 | D:5      | Killed Sigmund
  4407 | D:5      | Found Ethi's Antique Armour Shoppe.
  4536 | D:5      | Reached skill level 6 in Long Blades
  4561 | D:5      | Found a shadowy altar of Dithmenos.
  4562 | D:5      | Noticed Eustachio
  4567 | D:5      | Reached XP level 8. HP: 45/67 MP: 8/8
  4578 | D:5      | Killed Eustachio
  4825 | D:5      | Found a shattered altar of Ashenzari.
  5061 | D:6      | Noticed Edmund
  5098 | D:6      | Killed Edmund
  5098 | D:6      | Reached skill level 5 in Fighting
  5147 | D:6      | Reached skill level 7 in Long Blades
  5147 | D:6      | Reached skill level 5 in Dodging
  5610 | D:6      | Found a glowing golden altar of the Shining One.
  5869 | D:6      | Noticed Crazy Yiuf
  5877 | D:6      | Killed Crazy Yiuf
  5955 | D:6      | Found a staircase to the Ecumenical Temple.
  5961 | Temple   | Entered the Ecumenical Temple
  5967 | Temple   | Became a worshipper of Gozag Ym Sagoz the Greedy
  6115 | D:6      | HP: 3/69 [steam dragon (4)]
  6120 | D:6      | Killed from afar by a steam dragon

Vault maps used:
D:1:      erik_arrival_orb_chamber, minivault_25
D:2:      marbit_many_paths, overflow_temple_1_default, first_bread,
          uniq_natasha
D:3:      grunt_temple_overflow_lords_of_destruction
D:4:      nicolae_overflow_quartered_altars,
          nicolae_ossuary_entry_false_entrances, kennysheep_potato
D:5:      cheibrodos_ashenzari_chains, serial_shops, nicolae_shop_statue_plus,
          st_stairs_6, hangedman_abyss_or_decor_stabs,
          grunt_dithmenos_smoke_and_mirrors, uniq_eustachio, uniq_sigmund
D:6:      kennysheep_mini, minmay_temple_entry_purple_smoke,
          minmay_misc_feat_cross, uniq_crazy_yiuf_cottage, uniq_edmund
Temple:   temple_eino_lava_8
Ossuary:  ossuary_zaba_two_paths

Skill      XL: |  1  2  3  4  5  6  7  8 |
---------------+-------------------------+-----
Throwing       | 2 3 4 |  4.6
Dodging        | 3 4 5 |  5.1
Long Blades    | 4 5 6 7 |  7.3
Fighting       | 3 4 5 |  5.5
Shields        | 1 2 3 4 |  4.2

Action                   |  1- 3 |  4- 6 |  7- 9 || total
-------------------------+-------+-------+-------++-------
Melee: Long sword        |   123 |   326 |   228 ||   677
Throw: Throwing net      |       |       |     3 ||     3
 Abil: Spit Acid         |       |       |     1 ||     1
  Use: Potion            |       |       |     1 ||     1
 Stab: Sleeping          |     1 |     4 |       ||     5
       Distracted        |       |     1 |       ||     1
       Held in net/web   |       |       |     4 ||     4
  Eat: Chunk             |     2 |     4 |     7 ||    13
       Meat ration       |       |     1 |       ||     1
